cohdb
Replays
Latest Replays
All Replays
Popular Replays
Top Player Replays
Match Explorer
How It Works
Community
CoH3 Stats
Reddit
Sign in to upload your games and track your stats! →
Sign in with Steam
Match 38650667
Unlisted
Match 38650667
Overview
Messages
Build Orders
End
Construct Barracks
Riflemen Squad
Riflemen Squad
Grenade Package
Riflemen Squad
Riflemen Squad
Infantry Support Center
Munitions Surplus
Construct Medical Station
Construct Medical Station
M1918 Browning Automatic Rifles
Construct Tank Depot
Selects Armored Battlegroup
Selects Veteran Crews
Selects Field Repairs
Selects War Machine
M18 Hellcat Tank Destroyer
Engineer Squad
Engineer Squad
M4A1 Sherman Medium Tank
Selects Fast Deploy
M4A1 Sherman Medium Tank
Selects Seek and Destroy
M4A1 Sherman Medium Tank
Selects UNKNOWN (2160077)
M4A3E8 Sherman Easy Eight
ConcernedApe
StriderRx
Mintjack
denny870522
0
0
Comments
sign in to comment!
No comments posted yet!